 Dungeon Sprint DCSS version 0.26-a0-854-gdc81c2f471 (webtiles) character file.

Game seed: 843539308465542452

666 Conn the Arsonist (level 7, -21/42 HPs)
             Began as an Octopode Fire Elementalist on Nov 23, 2020.
             Engulfed by a cloud of freezing vapour (27 damage)
             ... in the Dungeon (Sprint II: "The Violet Keep of Menkaure").
             The game lasted 00:06:36 (528 turns).

Conn the Arsonist (Octopode Fire Elementalist)       Turns: 528, Time: 00:06:37

Health: -21/42     AC:  1    Str:  7    XL:     7   Next: 57%
Magic:  2/18       EV: 15    Int: 20    God:
Gold:   266        SH:  0    Dex: 12    Spells: 0/21 levels left

rFire    . . .     SeeInvis .   (no weapon)
rCold    . . .     Faith    .   (no shield)
rNeg     . . .     Spirit   .   (helmet restricted)
rPois    .         Reflect  .   (no amulet)
rElec    .         Harm     .   (no ring)
rCorr    .         Rampage  .   (no ring)
MR       .....     NoTele   +   (no ring)
Stlth    +++++.....             (no ring)
HPRegen  0.14/turn              (no ring)
MPRegen  0.16/turn              (no ring)
                                (no ring)
                                (no ring)

@: very slightly contaminated
A: almost no armour, stealthy swim, amphibious, 8 rings, constrict 8, camouflage
1, blurry vision 1, gelatinous body 1, no potion heal 1
a: no special abilities


You were in the Dungeon.
You visited 1 branch You collected 486 gold pieces.
You spent 220 gold pieces at shops.

Inventory:

Scrolls
 g - a scroll of blinking
Potions
 c - a potion of heal wounds
 e - 2 potions of magic


   Skills:
 + Level 0.6 Fighting
 + Level 4.8 Dodging
 + Level 6.1 Stealth
 * Level 7.8 Spellcasting
 * Level 6.1 Conjurations
 * Level 3.7 Translocations
 + Level 9.7 Fire Magic
 * Level 3.7 Air Magic


You couldn't memorise any spells.
You knew the following spells:

 Your Spells              Type           Power        Failure   Level
a - Foxfire               Conj/Fire      ####         1%          1
b - Conjure Flame         Conj/Fire      #####...     1%          3
c - Inner Flame           Hex/Fire       ####....     3%          3
d - Sticky Flame          Conj/Fire      #####...     3%          4
e - Blink                 Tloc           N/A          2%          2
f - Mephitic Cloud        Conj/Pois/Air  ###.....     7%          3
g - Fireball              Conj/Fire      #####.....   10%         5

Your spell library contained the following spells:

 Spells                   Type           Power        Failure   Level
 Magic Dart               Conj           ####         1%          1
 Call Imp                 Summ           #.......     13%         2
 Slow                     Hex            #.......     13%         2


Dungeon Overview and Level Annotations

Branches:
Dungeon (1/1)

Altars:

Shops:
D ==:}[[[(?!!??!:

Annotations:
D exclusions: ice statue and oklob plant


Innate Abilities, Weirdness & Mutations

You cannot wear most types of armour.
You are very stealthy in the water. (Stealth+)
You are amphibious.
You can wear up to eight rings at the same time.
You can use your tentacles to constrict eight enemies at once.
Your skin changes colour to match your surroundings (Stealth+).
Your rubbery body absorbs attacks. (AC +1, EV +1)
Scrolls take you a little longer to read.
Potions are less effective at restoring your health.


Message History

The fireball engulfs the ice statue!!
The ice statue melts!
The ice statue is severely damaged.
Sorry, you're not good enough to have a special ability.
Casting: Fireball (quite dangerous; 10% risk of failure)
Confirm with . or Enter, or press ? or * to list all spells.
Okay, then.
Casting: Fireball (quite dangerous; 10% risk of failure)
Confirm with . or Enter, or press ? or * to list all spells.
You conjure some foxfire!
Your foxfire is engulfed in freezing vapours. x2
Unknown command.
Casting: Foxfire (safe; 1% risk of failure)
Confirm with . or Enter, or press ? or * to list all spells.
You conjure some foxfire!
You are engulfed in freezing vapours.
Ouch! That really hurt!
* * * LOW HITPOINT WARNING * * *
Your foxfire dissipates!
You are engulfed in freezing vapours.
Ouch! That really hurt!
You die...

∩.∩...∩.#≈##..##.##
.∩.....∩'≈'.##'.<.+
∩.......#≈##..##.## .
▓▓▓▓▓▓###†##.###'## ..
?HH######≈≈######.## ≈≈.
?ll#Z( ##≈≈≈#.§##.# ≈≈≈≈
∩PH+$.#+ #'#≈##§§§##≈≈§≈≈
$=.#"##.##[#≈§##'##○≈≈≈≈§
$.$###≈..####≈§v@v○≈≈≈≈≈≈
#+###.≈≈§ #'''#+++#≈§≈§
#°○°≈≈≈ ≈ #≈≈°°≈°○≈≈
+≈≈≈☼°8≈☼○○°+
##≈≈○○○○°○°## ##≈○°○○○○##
####+####


You could see an ice statue.

Vanquished Creatures
  Menkaure (D)
  3 neqoxecs (D)
  A water moccasin (D)
  A scorpion (D)
  4 worker ants (D)
10 creatures vanquished.

Vanquished Creatures (others)
  A neqoxec (D)
  50 foxfires (D)
51 creatures vanquished.

Grand Total: 61 creatures vanquished

Notes
Turn   | Place    | Note
-------+----------+-------------------------------------------
     0 | D        | Conn the Octopode Fire Elementalist began the quest for the
                  | Orb.
     0 | D        | Reached XP level 1. HP: 11/11 MP: 3/3
     1 | D        | Noticed a worker ant
     1 | D        | Noticed a worker ant
     1 | D        | Noticed a worker ant
     1 | D        | Noticed a worker ant
     5 | D        | Killed a worker ant
     6 | D        | Reached skill level 4 in Fire Magic
     6 | D        | Reached XP level 2. HP: 17/17 MP: 4/6
     6 | D        | Reached XP level 3. HP: 21/21 MP: 4/7
    10 | D        | Reached skill level 5 in Fire Magic
    14 | D        | Reached XP level 4. HP: 27/27 MP: 5/10
    16 | D        | Reached skill level 6 in Fire Magic
    28 | D        | Learned a level 3 spell: Conjure Flame
    32 | D        | Learned a level 3 spell: Inner Flame
    37 | D        | Learned a level 4 spell: Sticky Flame
    40 | D        | Found Olumexat's Magic Scroll Shoppe.
    40 | D        | Found Cozikk's Distillery.
    40 | D        | Found Ruehizuyh's Distillery.
    40 | D        | Found Garreepy's Magic Scroll Emporium.
    40 | D        | Found Vuaclie's Magic Scroll Shoppe.
    40 | D        | Found Qir Niall's Distillery.
    41 | D        | Found Xeuna's Antique Weapon Shoppe.
    41 | D        | Found Zuujag's Antique Armour Emporium.
    42 | D        | Found Joleci Foga's Antique Armour Shoppe.
    42 | D        | Found Egeg's Antique Armour Emporium.
    42 | D        | Noticed a manticore
    43 | D        | Found Wuk Ilee's Book Emporium.
    43 | D        | Noticed Menkaure
    43 | D        | Noticed a manticore
    50 | D        | Killed Menkaure
    51 | D        | Reached skill level 8 in Fire Magic
    51 | D        | Reached XP level 5. HP: 17/31 MP: 6/13
    55 | D        | Found Equo's Gadget Shoppe.
    55 | D        | Noticed a manticore
    55 | D        | Noticed an oklob plant
    56 | D        | Found Nismoyx's Jewellery Shoppe.
    56 | D        | Found Daikk's Jewellery Emporium.
    56 | D        | Found Xocigin's Book Shoppe.
    57 | D        | Bought a book of Minor Magic for 220 gold pieces
    61 | D        | Learned a level 2 spell: Blink
    65 | D        | Learned a level 3 spell: Mephitic Cloud
    78 | D        | Reached skill level 5 in Stealth
    78 | D        | Reached skill level 1 in Translocations
    78 | D        | Reached skill level 1 in Air Magic
    78 | D        | Reached XP level 6. HP: 9/36 MP: 5/15
   262 | D        | Noticed a water moccasin
   276 | D        | Killed a water moccasin
   277 | D        | Reached skill level 5 in Conjurations
   283 | D        | Noticed an ice statue
   285 | D        | Noticed a neqoxec
   285 | D        | Noticed a neqoxec
   285 | D        | Noticed a neqoxec
   285 | D        | Noticed a neqoxec
   301 | D        | Killed a neqoxec
   302 | D        | Reached skill level 9 in Fire Magic
   302 | D        | Reached XP level 7. HP: 28/41 MP: 10/17
   322 | D        | Killed a neqoxec
   327 | D        | Killed a neqoxec
   338 | D        | Gained mutation: Potions are less effective at restoring
                  | your health. [a neqoxec]
   339 | D        | Gained mutation: Scrolls take you a little longer to read.
                  | [a neqoxec]
   341 | D        | Killed a neqoxec
   349 | D        | Noticed a wyvern
   350 | D        | Noticed a wyvern
   494 | D        | Learned a level 5 spell: Fireball
   528 | D        | Engulfed by a cloud of freezing vapour

Illustrated notes

Levels and vault maps discovered:
D:        the_violet_keep_of_menkaure [sprint2_stairs_cluster_1,
          sprint2_shoproom, sprint2_temple, sprint2_basic_supplies,
          sprint2_obstacle_2, sprint2_obstacle_4, sprint2_obstacle_7,
          sprint2_obstacle_6, sprint2_obstacle_5, sprint2_timed_cluster_1,
          sprint2_smallroom_cluster_1, sprint2_smallroom_final_cluster_1,
          sprint2_transparent_cluster_1, sprint2_second_timed_cluster_1,
          sprint2_sniper_area_1, sprint2_heavy_combat_area_1,
          sprint2_mutation_trap_area_1, sprint2_forest_area_1,
          sprint2_light_combat_area_1, sprint2_behind_water_1,
          sprint2_near_end_vault_1]

Skill      XL: |  1  2  3  4  5  6  7 |
---------------+----------------------+-----
Stealth        | 3 4 5 6 |  6.1
Spellcasting   | 3 4 6 7 |  7.8
Conjurations   | 2 3 4 5 6 |  6.1
Fire Magic     | 4 5 8 9 |  9.7
Dodging        | 3 4 |  4.8
Translocations | 1 3 |  3.7
Air Magic      | 1 3 |  3.7
Fighting       | |  0.6

Action                   |  1- 3 |  4- 6 |  7- 9 || total
-------------------------+-------+-------+-------++-------
Melee: Unarmed           |    10 |     1 |     1 ||    12
       Constrict         |     3 |     1 |     1 ||     5
       Tentacles         |     2 |     1 |       ||     3
 Cast: Foxfire           |       |    14 |    17 ||    31
       Mephitic Cloud    |       |     1 |       ||     1
       Fireball          |       |       |     2 ||     2
  Use: Potion            |     2 |     1 |       ||     3
Armor: Skin              |       |     1 |       ||     1
Dodge: Dodged            |     7 |     3 |     7 ||    17

Table legend: (Time is in decaauts)
 A = Elapsed time spent in this place.
 B = Non-inter-level travel time spent in this place.
 C = Inter-level travel time spent in this place.
 D = Time resting spent in this place.
 E = Time spent auto-exploring this place.
 F = Levels seen in this place.
 G = Mean time per level.
                   A        B        C        D        E       F      G
               +--------+--------+--------+--------+--------+-----+--------+
         Total |    520 |    520 |      0 |    288 |      0 |   1 |  520.0 |
       Dungeon |    520 |    520 |      0 |    288 |      0 |   1 |  520.0 |
               +--------+--------+--------+--------+--------+-----+--------+

Top non-repeatable levels by time:
       D: 520 daAuts
